 Dungeon Crawl Stone Soup version 0.29-a0-902-g0f71de6fce (webtiles) character file.

Game seed: 3156703556001494149

3177 wilfster70 the Cleaver (level 9, -2/66 (83) HPs)
             Began as a Minotaur Berserker on July 24, 2022.
             Was a Priest of Trog.
             Slain by Joseph
             ... wielding a +1 quarterstaff of draining
              (12 damage)
             ... on level 7 of the Dungeon.
             The game lasted 00:13:42 (8355 turns).

wilfster70 the Cleaver (Minotaur Berserker)         Turns: 8355, Time: 00:13:42

HP:   -2/66 (83)    AC: 13    Str: 24    XL:     9   Next: 63%
MP:   8/8           EV:  7    Int:  6    God:    Trog [***...]
Gold: 357           SH:  5    Dex: 10    Spells: 8/8 levels left

rFire   . . .      SeeInvis .   a - +0 war axe
rCold   . . .      Faith    .   k - +0 buckler
rNeg    . . .      Spirit   .   f - +0 plate armour
rPois   .          Reflect  .   (helmet restricted)
rElec   .          Harm     .   c - scarf {+Inv}
rCorr   .          Rampage  .   o - +0 pair of gloves
Will    +++..                   (no boots)
Stlth   ..........              (no amulet)
HPRegen 1.21/turn               m - ring of willpower
MPRegen 0.11/turn               (no ring)

@: strong-willed (expiring), on berserk cooldown, regenerating (expiring),
slowed, heavily drained, very slow
A: horns 2, retaliatory headbutt
a: Renounce Religion, Evoke Invisibility, Berserk, Trog's Hand


You were on level 7 of the Dungeon.
You worshipped Trog.
Trog was most pleased with you.
You visited 1 branch of the dungeon, and saw 7 of its levels.

You collected 456 gold pieces.
You spent 99 gold pieces at shops.

Inventory:

Hand Weapons
 a - a +0 war axe (weapon)
 b - a +2 trident of protection
Missiles
 e - 10 javelins (quivered)
Armour
 c - a scarf of invisibility (worn)
 f - a +0 plate armour (worn)
 k - a +0 buckler (worn)
 o - a +0 pair of gloves (worn)
Jewellery
 m - a ring of willpower (left hand)
Wands
 q - a wand of digging (2)
 v - a wand of acid (10)
 x - a wand of mindburst (21)
Scrolls
 j - 2 scrolls of teleportation
 p - a scroll of poison
 s - a scroll of butterflies
 u - 2 scrolls of immolation
 w - a scroll of enchant armour
 y - 3 scrolls of magic mapping
Potions
 d - 2 potions of lignification
 g - 4 potions of ambrosia
 h - 2 potions of might
 i - 3 potions of flight
 n - 3 potions of invisibility
 t - 2 potions of haste


   Skills:
 + Level 9.3 Fighting
 * Level 12.4 Axes
 - Level 4.1 Armour
 - Level 2.1 Dodging
 - Level 6.0 Shields


You had 8 spell levels left.
You didn't know any spells.
Your spell library contained the following spells:

 Spells                   Type           Power      Damage    Failure   Level
 Apportation              Tloc           0%         N/A       100%        1
 Sandblast                Erth           0%         2d4       100%        1
 Passwall                 Tmut/Erth      0%         N/A       100%        2
 Ozocubu's Armour         Ice            0%         N/A       100%        3
 Stone Arrow              Conj/Erth      0%         3d7       100%        3
 Tukima's Dance           Hex            0%         N/A       100%        3
 Corpse Rot               Necr/Pois/Air  0%         N/A       100%        4
 Dispel Undead            Necr           0%         3d6       100%        4
 Passage of Golubria      Tloc           0%         N/A       100%        4
 Alistair's Intoxication  Tmut/Pois      0%         N/A       100%        5
 Yara's Violent Unravell  Hex/Tmut       0%         3d3       100%        5
 Death Channel            Necr           0%         N/A       100%        6
 Ozocubu's Refrigeration  Ice            0%         4d5       100%        7


Dungeon Overview and Level Annotations

Branches:
Dungeon (7/15)             Temple (0/1) D:6

Altars:
Cheibriados
Fedhas
Gozag

Shops:
D:3 [

Annotations:
D:7 Joseph


Innate Abilities, Weirdness & Mutations

You have a pair of horns on your head.
You reflexively headbutt those who attack you in melee.


Message History

Joseph is lightly wounded.
You feel sick.
Joseph hits you with a +1 quarterstaff of draining!
You feel drained.
You slash Joseph! You headbutt Joseph!
Joseph is heavily wounded.
You feel sick.
You are no longer poisoned.
Joseph hits you but does no damage.
You feel drained.
You slash Joseph!
Joseph is severely wounded.
Joseph hits you with a +1 quarterstaff of draining!
* * * LOW HITPOINT WARNING * * *
You feel drained.
* * * LOW HITPOINT WARNING * * *
Joseph hits you with a +1 quarterstaff of draining.
* * * LOW HITPOINT WARNING * * *
You feel drained.
You slash Joseph!
Joseph is almost dead.
Joseph hits you with a +1 quarterstaff of draining!
* * * LOW HITPOINT WARNING * * *
You feel drained.
* * * LOW HITPOINT WARNING * * *
You feel better.
You feel the effects of Trog's Hand fading.
Joseph hits you but does no damage.
You feel drained.
You barely miss Joseph.
Joseph is almost dead.
Joseph hits you with a +1 quarterstaff of draining.
* * * LOW HITPOINT WARNING * * *
You feel drained.
* * * LOW HITPOINT WARNING * * *
Joseph hits you with a +1 quarterstaff of draining!
* * * LOW HITPOINT WARNING * * *
You feel drained.
* * * LOW HITPOINT WARNING * * *
You feel better.
Joseph hits you with a +1 quarterstaff of draining!
You die...

...........'.........+
##.........#...[.....#
####..######....<..##
#.## ##.....## #..
##...## ##.# ##'## .#
#.# .# #)# .# #@#
#)@.....# #..<.....#
#........# ..#........
#####.....## ######


You could see Joseph.

Vanquished Creatures
  Pikel (D:3)
  A steam dragon (D:7)
  Edmund (D:6)
  2 water moccasins
  An orc warrior (D:5)
  A black bear (D:6)
  An ice beast (D:6)
  2 sky beasts (D:7)
  3 ogres
  2 centaurs
  2 kobold brigands (D:6)
  2 bullfrogs (D:4)
  2 scorpions (D:6)
  A gnoll sergeant (D:5)
  3 killer bees (D:7)
  6 hounds
  2 orc priests
  An iguana (D:4)
  8 orc wizards
  3 scorpion zombies (D:3)
  A hound zombie (D:3)
  7 gnolls
  2 adders
  A shadow imp (D:7)
  An ufetubus (D:3)
  An adder skeleton (D:3)
  3 worms
  5 dart slugs
  21 orcs
  4 endoplasms
  5 giant cockroaches
  10 goblins
  12 hobgoblins
  5 jackals
  15 kobolds
  4 quokkas
  4 ball pythons
  5 bats
  6 frilled lizards
  8 rats
165 creatures vanquished.

Vanquished Creatures (others)
  An orc wizard (D:4)
  4 plants (D:6)
  7 withered plants
12 creatures vanquished.

Grand Total: 177 creatures vanquished

Notes
Turn   | Place    | Note
-------+----------+-------------------------------------------
     0 | D:1      | wilfster70 the Minotaur Berserker began the quest for the
                  | Orb.
     0 | D:1      | Reached XP level 1. HP: 19/19 MP: 0/0
   201 | D:1      | Reached skill level 4 in Axes
   206 | D:1      | Reached XP level 2. HP: 20/27 MP: 1/1
   483 | D:1      | Found a faded altar of an unknown god.
   753 | D:1      | Reached XP level 3. HP: 33/33 MP: 2/2
  1353 | D:2      | Reached ** piety under Trog
  1714 | D:2      | Found a snail-covered altar of Cheibriados.
  2243 | D:3      | Reached XP level 4. HP: 32/40 MP: 3/3
  2271 | D:3      | Reached skill level 5 in Axes
  2303 | D:3      | Reached XP level 5. HP: 31/47 MP: 4/4
  2694 | D:3      | Found Kaxkorit's Antique Armour Boutique.
  2718 | D:3      | Bought a buckler for 99 gold pieces
  2865 | D:3      | Reached skill level 6 in Axes
  3300 | D:4      | Noticed Pikel
  3300 | D:4      | Noticed a lemure
  3300 | D:4      | Noticed a lemure
  3300 | D:4      | Noticed a lemure
  3300 | D:4      | Noticed a lemure
  3310 | D:3      | Killed Pikel
  3311 | D:3      | Reached skill level 7 in Axes
  3311 | D:3      | Reached XP level 6. HP: 57/57 MP: 5/5
  3311 | D:3      | Reached XP level 7. HP: 63/63 MP: 6/6
  3387 | D:4      | Reached skill level 8 in Axes
  3635 | D:4      | Reached *** piety under Trog
  3795 | D:4      | Reached XP level 8. HP: 38/71 MP: 7/7
  3920 | D:4      | Identified the +1 robe of the Shining Light {Dex+3}
  4583 | D:5      | Entered Level 5 of the Dungeon
  4591 | D:4      | Reached skill level 9 in Axes
  4767 | D:5      | Reached skill level 5 in Shields
  5231 | D:5      | Reached skill level 10 in Axes
  6195 | D:6      | Reached XP level 9. HP: 64/81 MP: 8/8
  6463 | D:6      | Found a staircase to the Ecumenical Temple.
  6595 | D:6      | Found a snail-covered altar of Cheibriados.
  6597 | D:6      | Found a blossoming altar of Fedhas.
  6597 | D:6      | Found an opulent altar of Gozag.
  6794 | D:6      | Reached skill level 11 in Axes
  6913 | D:6      | Noticed Edmund
  6919 | D:6      | Killed Edmund
  7709 | D:7      | Noticed a hellwing
  7711 | D:7      | Noticed a hellwing
  7747 | D:7      | HP: 2/82 [something (6)]
  7759 | D:7      | Reached skill level 12 in Axes
  8330 | D:7      | Noticed Joseph
  8352 | D:7      | HP: 3/70 [Joseph/+1 quarterstaff of draining (2)]
  8354 | D:7      | HP: 1/66 [Joseph/+1 quarterstaff of draining (2)]
  8355 | D:7      | Slain by Joseph

Illustrated notes

Levels and vault maps discovered:
D:1:      dpeg_arrival_tiny_a, layout_basic, shapermc_ecumenical_altar_rom_forum
D:2:      layout_basic, basic_altar, minmay_3d_cube
D:3:      layout_loops_ring, serial_undead, serial_undead_c, serial_undead_e,
          serial_undead_f, serial_undead_c, serial_undead_b, serial_undead_c,
          serial_shops, nicolae_shop_temple_entry_statues_fountains
D:4:      minmay_chambers_of_twos, layout_loops_corners, uniq_pikel
D:5:      layout_layer_cave, guppyfry_early_orc_mine
D:6:      cheibrodos_thug_alley, layout_loops_corners,
          gammafunk_temple_overflow_forgotten, minmay_temple_entry_tees,
          uniq_edmund
D:7:      cheibrodos_grave_circle, layout_loops_corners, uniq_joseph

Skill      XL: |  1  2  3  4  5  6  7  8  9 |
---------------+----------------------------+-----
Axes           | 4 5 7 8 10 12 | 12.4
Fighting       | 4 6 7 9 |  9.3
Armour         | 3 4 |  4.1
Shields        | 3 4 6 |  6.0
Dodging        | |  2.1

Action                   |  1- 3 |  4- 6 |  7- 9 || total
-------------------------+-------+-------+-------++-------
Melee: Hand axe          |   118 |    88 |    14 ||   220
       Headbutt          |    16 |    17 |    53 ||    86
       War axe           |       |       |   268 ||   268
Invok: Berserk           |     1 |     1 |     9 ||    11
       Trog's Hand       |       |       |     3 ||     3
  Use: Potion            |     1 |     1 |     3 ||     5
       Scroll            |     7 |     4 |    10 ||    21
Armor: Animal skin       |     3 |       |       ||     3
       Plate armour      |    68 |    45 |   191 ||   304
Dodge: Dodged            |    57 |    30 |    82 ||   169
Block: Buckler           |       |     7 |    65 ||    72

Table legend: (Time is in decaauts)
 A = Elapsed time spent in this place.
 B = Non-inter-level travel time spent in this place.
 C = Inter-level travel time spent in this place.
 D = Time resting spent in this place.
 E = Time spent auto-exploring this place.
 F = Levels seen in this place.
 G = Mean time per level.
                   A        B        C        D        E       F      G
               +--------+--------+--------+--------+--------+-----+--------+
         Total |   8482 |   8172 |    310 |   1768 |   4352 |   7 | 1211.7 |
       Dungeon |   8482 |   8172 |    310 |   1768 |   4352 |   7 | 1211.7 |
               +--------+--------+--------+--------+--------+-----+--------+

Top non-repeatable levels by time:
     D:6: 1868 daAuts
     D:4: 1364 daAuts
     D:1: 1249 daAuts
     D:5: 1225 daAuts
     D:3: 1149 daAuts
     D:2: 980 daAuts
     D:7: 645 daAuts
